 Dungeon Crawl Stone Soup version 0.30-a0-6-g7c9e10e132 (webtiles) character file.

Game seed: 16559923142153491115

811 mgp the Chopper (level 7, -3/57 (59) HPs)
             Began as a Minotaur Gladiator on Aug 22, 2022.
             Slain by a wight
             ... wielding a +4 halberd
              (15 damage)
             ... on level 6 of the Dungeon.
             The game lasted 00:18:03 (6077 turns).

mgp the Chopper (Minotaur Gladiator)                Turns: 6077, Time: 00:18:03

HP:   -3/57 (59)    AC:  3    Str: 17 (20) XL:     7   Next: 61%
MP:   5/5           EV: 13    Int: 10 (11) God:
Gold: 142           SH:  5    Dex: 10 (12) Spells: 6/6 levels left

rFire   . . .      SeeInvis .    m - +9 hand axe of Fate {pain, rC+ rN+ Int+6}
rCold   + . .      Faith    .    (no shield)
rNeg    + . .      Spirit   .    b - +0 leather armour
rPois   .          Reflect  +    c - +0 hat
rElec   .          Harm     .    (no cloak)
rCorr   .          Rampage  .    (no gloves)
Will    .....                    (no boots)
Stlth   +.........               i - amulet of reflection
HPRegen 0.19/turn                (no ring)
MPRegen 0.09/turn                (no ring)

@: lightly drained
A: horns 2, retaliatory headbutt, low MP 1
a: no special abilities


You were on level 6 of the Dungeon.
You visited 1 branch of the dungeon, and saw 6 of its levels.

You collected 142 gold pieces.

Inventory:

Hand Weapons
 k - the +7 mace of Sidwarefi {flame, Int+2 Dex+2}
   (You found it on level 2 of the Dungeon)

   It burns those it strikes, dealing additional fire damage.
   Int:       It affects your intelligence (+2).
   Dex:       It affects your dexterity (+2).
 m - the +9 hand axe of Fate (weapon) {pain, rC+ rN+ Int+6}
   (You found it on level 2 of the Dungeon)

   In the hands of one skilled in necromantic magic, it inflicts extra damage on
   living creatures.
   Int:       It affects your intelligence (+6).
   rC:        It protects you from cold.
   rN:        It protects you from negative energy.
Missiles
 d - a throwing net (quivered)
 e - a javelin
Armour
 b - a +0 leather armour (worn)
 c - a +0 hat (worn)
 h - a +0 helmet of see invisible
 l - a +0 ring mail
Jewellery
 i - an amulet of reflection (around neck)
 n - a ring of fire
 o - an amulet of the acrobat
 s - a ring of see invisible
Wands
 q - a wand of mindburst (13)
 r - a wand of flame (19)
Scrolls
 j - 2 scrolls of butterflies
 p - 2 scrolls of identify
Potions
 f - a potion of heal wounds
 g - 2 potions of brilliance


   Skills:
 + Level 4.2 Fighting
 + Level 7.0 Axes
 + Level 0.8(4.4) Maces & Flails
 + Level 2.2 Throwing
 + Level 4.1 Armour
 + Level 5.4 Dodging
 + Level 1.5 Stealth
 + Level 1.8 Shields


You had 6 spell levels left.
You didn't know any spells.
Your spell library was empty.

Dungeon Overview and Level Annotations

Branches:
Dungeon (6/15)
 Temple: D:4-7

Altars:
Fedhas
Uskayaw


Innate Abilities, Weirdness & Mutations

You have a pair of horns on your head.
You reflexively headbutt those who attack you in melee.
Your magical capacity is low. (-10% MP)


Message History

The wight is heavily damaged.
You hit the wight but do no damage.
The wight hits you from afar with a +4 halberd!
You partially resist.
You feel drained. The wight barely misses you. You furiously retaliate!
You headbutt the wight. The wight misses you.
You slash the wight!
You destroy the wight!
You slash the wight!
You destroy the wight!
The wight misses you.
You feel your intelligence returning.
Your life force feels restored.
Your Axes skill increases to level 7!
You hit the wight. Your headbutt misses the wight.
The wight is lightly damaged.
The wight barely misses you.
You hit the wight. Your headbutt misses the wight.
The wight is heavily damaged.
The wight hits you from afar with a +4 halberd!
You partially resist.
You feel drained. You block the wight's attack.
There are monsters nearby!
You feel much better. The wight barely misses you.
The wight hits you with a +3 great sword of freezing!
The wight freezes you.
You hit the wight.
The wight is heavily damaged.
The wight completely misses you.
The wight hits you with a +3 great sword of freezing!
You partially resist.
You feel drained. The wight freezes you.
You hit the wight.
The wight is almost destroyed.
The wight closely misses you. You block the wight's attack.
You hit the wight.
The wight is almost destroyed.
The wight hits you from afar with a +4 halberd!
* * * LOW HITPOINT WARNING * * *
The wight misses you.
You slash the wight!
You destroy the wight!
The wight hits you from afar with a +4 halberd!
You die...

#.≈ ###.#.≈.# #.≈
#.. #.≈.##
###.≈.#._ #.≈..##
#...≈.#.. #.≈...
#.#.≈.#.###.≈.# #
....≈.......≈.#.###
#...≈.≈§≈§≈§≈......
#..z)@........#
.....##)###.##..#
#.# #.#.......#
#.........#
#.#.#.##..#
#.........#
###.<.....#
###.^#### #...#


You could see a wight.

Vanquished Creatures
  A black bear (D:4)
  3 ogres
  2 scorpions
  3 wights (D:6)
  A jelly (D:5)
  An orc priest (D:5)
  A hound (D:5)
  An iguana (D:5)
  6 adders
  A worm (D:2)
  13 orcs
  4 endoplasms
  3 giant cockroaches
  7 goblins
  4 hobgoblins
  2 quokkas
  7 ball pythons
  6 bats
  2 frilled lizards
  3 kobolds
  6 rats
77 creatures vanquished.

Notes
Turn   | Place    | Note
-------+----------+-------------------------------------------
     0 | D:1      | mgp the Minotaur Gladiator began the quest for the Orb.
     0 | D:1      | Reached XP level 1. HP: 18/18 MP: 0/0
   102 | D:1      | You fall into a shaft and drop 1 floor!
   268 | D:2      | Reached XP level 2. HP: 25/25 MP: 1/1
   507 | D:2      | Identified the +7 mace of Sidwarefi {flame, Int+2 Dex+2}
   637 | D:2      | Found a faded altar of an unknown god.
   650 | D:2      | Identified the +9 hand axe of Fate {pain, rC+ rN+ Int+6}
   978 | D:1      | Reached XP level 3. HP: 30/31 MP: 2/2
  1707 | D:3      | Found a hide-covered altar of Uskayaw.
  1709 | D:3      | Reached skill level 1 in Armour
  1717 | D:3      | Noticed an ogre
  1725 | D:3      | Killed an ogre
  1726 | D:3      | Reached skill level 4 in Axes
  1726 | D:3      | Reached XP level 4. HP: 36/38 MP: 3/3
  2071 | D:3      | Reached XP level 5. HP: 34/45 MP: 4/4
  2983 | D:4      | Noticed a black bear
  3007 | D:4      | Killed a black bear
  3008 | D:4      | Reached skill level 5 in Axes
  3009 | D:4      | Reached XP level 6. HP: 45/51 MP: 5/5
  3077 | D:4      | Reached skill level 1 in Stealth
  3928 | D:4      | Reached skill level 1 in Shields
  4399 | D:4      | Gained mutation: Your magical capacity is low. (-10% MP)
                  | [potion of mutation]
  4495 | D:5      | Entered Level 5 of the Dungeon
  4753 | D:5      | Reached skill level 6 in Axes
  5132 | D:5      | Reached skill level 5 in Dodging
  5533 | D:5      | Reached XP level 7. HP: 48/58 MP: 5/5
  6065 | D:6      | Found a blossoming altar of Fedhas.
  6071 | D:6      | Reached skill level 7 in Axes
  6077 | D:6      | Slain by a wight

Illustrated notes

Levels and vault maps discovered:
D:1:      scummos_arrival_forest, layout_basic
D:2:      layout_rooms, shapermc_ecumenical_altar_pompeii,
          kennysheep_generic_room_14
D:3:      layout_loops_ring, eat_drink_and_be_merry_uskayaw
D:4:      layout_layer_cave
D:5:      layout_loops_corners, minivault_14, nicolae_elevator_lobby_asterisk
D:6:      layout_loops_corners, mainiacjoe_overflow_brackets,
          serial_bayou_pond_c

Skill      XL: |  1  2  3  4  5  6  7 |
---------------+----------------------+-----
Fighting       | 3 4 |  4.2
Dodging        | 4 5 |  5.4
Armour         | 2 3 4 |  4.1
Axes           | 4 5 6 7 |  7.0
Stealth        | 1 |  1.5
Shields        | 1 |  1.8
Maces & Flails | |  0.8
Throwing       | |  2.2

Action                   |  1- 3 |  4- 6 |  7- 9 || total
-------------------------+-------+-------+-------++-------
Melee: War axe           |    12 |       |       ||    12
       Headbutt          |     4 |    11 |     3 ||    18
       Hand axe          |    13 |    86 |    21 ||   120
       Mace              |     4 |       |       ||     4
       Punch             |       |     1 |       ||     1
Throw: Throwing net      |       |     2 |       ||     2
  Use: Potion            |     5 |     2 |     3 ||    10
       Scroll            |     3 |     4 |     1 ||     8
Armor: Leather armour    |     4 |    17 |     1 ||    22
Dodge: Dodged            |    41 |    50 |    11 ||   102
Block: Other             |       |    16 |     6 ||    22
       Reflection        |       |     1 |       ||     1

Table legend: (Time is in decaauts)
 A = Elapsed time spent in this place.
 B = Non-inter-level travel time spent in this place.
 C = Inter-level travel time spent in this place.
 D = Time resting spent in this place.
 E = Time spent auto-exploring this place.
 F = Levels seen in this place.
 G = Mean time per level.
                   A        B        C        D        E       F      G
               +--------+--------+--------+--------+--------+-----+--------+
         Total |   6094 |   5972 |    122 |   1219 |   2733 |   6 | 1015.7 |
       Dungeon |   6094 |   5972 |    122 |   1219 |   2733 |   6 | 1015.7 |
               +--------+--------+--------+--------+--------+-----+--------+

Top non-repeatable levels by time:
     D:4: 1889 daAuts
     D:5: 1569 daAuts
     D:3: 932 daAuts
     D:2: 850 daAuts
     D:1: 831 daAuts
     D:6: 22 daAuts
